[Event "*** SCC Grand Prix: Titled Tuesday Blitz"]
[Site "Chess.com"]
[Date "2020.08.25"]
[Round "10"]
[White "RusPakhom"]
[Black "NoboaKevin1999"]
[Result "0-1"]
[WhiteElo "2275"]
[BlackElo "2417"]
[TimeControl "180+1"]
[EndTime "11:57:55 PDT"]
[Termination "NoboaKevin1999 won by resignation"]

1. e4 e6 2. d4 d5 3. Nd2 c5 4. exd5 exd5 5. Ngf3 Nc6 6. Bb5 Qe7+ 7. Qe2 Qxe2+ 8.
Kxe2 cxd4 9. Nxd4 Bd7 10. Bxc6 bxc6 11. Re1 Bd6 12. Kf1+ Ne7 13. N2f3 f6 14. c3 Kf7 15. Nb3 c5 16. Be3 Rac8 17. Rad1 Rhd8 18. Kg1 g5 19. h3 h5 20. Nbd2 Bf5 21. Nf1 Rb8 22. Ng3 Rxb2 23. Nxf5 Nxf5 24. Bc1 Rxa2 25. Kf1 Be7 26. g4 hxg4 27. hxg4 Ng7 28. Nxg5+ fxg5 29. Rxe7+ Kxe7 30. Bxg5+ Ke8 31. Bxd8 Kxd8 32. Rxd5+ Ke7 33. Rxc5 Ne6 34. Rc4 a5 35. f4 a4 36. f5 Ng5 37. Rc7+ Kd6 38.
Rg7 Ne4 39. Rg6+ Ke5 40. Ke1 a3 41. Kd1 Nxc3+ 42. Kc1 Rg2 43. Ra6 a2 44. f6 Rg1+ 45. Kc2 a1=Q 46. Rxa1 Rxa1 0-1

[Event "*** SCC Grand Prix: Titled Tuesday Blitz"]
[Site "Chess.com"]
[Date "2020.08.25"]
[Round "10"]
[White "IrinaDrogovoz"]
[Black "Rytenko_V"]
[Result "0-1"]
[WhiteElo "2381"]
[BlackElo "2519"]
[TimeControl "180+1"]
[EndTime "11:58:01 PDT"]
[Termination "Rytenko_V won by resignation"]

1. d4 Nf6 2. Nf3 Nc6 3. d5 Nb8 4. c4 c6 5. Nc3 g6 6. e4 d6 7. Be2 Bg7 8. O-O O-O 9. Qc2 Na6 10. h3 Nb4 11. Qd2 a5 12. a3 Na6 13. b4 Nxe4 14.
Nxe4 Bxa1 15. dxc6 Bg7 16. b5 Nc5 17. Nxc5 dxc5 18. Qe3 bxc6 19. Qxc5 cxb5 20. Rd1 Bd7 21. Ne5 Rc8 22. Qe3 Bxe5 23. Qxe5 Qc7 24. Qxe7 Rfe8 25. Qf6 Rxe2 26. Bh6 Qe5 27. Qxe5 Rxe5 28. Rxd7 bxc4 29. Bf4 Re1+ 30. Kh2 c3 0-1

[Event "*** SCC Grand Prix: Titled Tuesday Blitz"]
[Site "Chess.com"]
[Date "2020.08.25"]
[Round "10"]
[White "RodinMihail"]
[Black "hongnhung1234"]
[Result "1-0"]
[WhiteElo "2484"]
[BlackElo "2351"]
[TimeControl "180+1"]
[EndTime "11:58:01 PDT"]
[Termination "RodinMihail won by checkmate"]

1. e4 c5 2. Nf3 e6 3. d4 cxd4 4. Nxd4 Nc6 5. Nb5 d6 6. Bf4 e5 7.
Be3 a6 8. N5c3 Nf6 9. Bc4 Be7 10. Nd5 Nxe4 11. Bb6 Qd7 12. Nc7+ Kf8 13. Nxa8 Qf5 14. O-O g6 15. Nc7 Kg7 16. Nd5 Bh4 17. f3 Ng5 18. Nbc3 Ne6 19. Ne4 Qh5 20. Nxd6 f5 21. Nxc8 Rxc8 22. Bf2 Bxf2+ 23. Rxf2 Ncd4 24. Bb3 Qh4 25. c3 Nc6 26. Qe1 Nc5 27. Re2 Qg5 28. Rd1 Rd8 29. h4 Qh6 30. Rxe5 Nxe5 31. Qxe5+ Kg8 32. Ne7+ Kf8 33.
Rxd8# 1-0

[Event "*** SCC Grand Prix: Titled Tuesday Blitz"]
[Site "Chess.com"]
[Date "2020.08.25"]
[Round "10"]
[White "rasmussvane"]
[Black "Reader777"]
[Result "1-0"]
[WhiteElo "2849"]
[BlackElo "2672"]
[TimeControl "180+1"]
[EndTime "11:58:07 PDT"]
[Termination "rasmussvane won by resignation"]

1. Nf3 c5 2. c4 Nc6 3. Nc3 e6 4. g3 d5 5. cxd5 exd5 6. d4 Nf6 7. Bg2 Be7 8. O-O O-O 9. b3 b6 10. Bb2 Be6 11. Rc1 Rc8 12. e3 h6 13. Ne2 Qd7 14. Nf4 Bg4 15. dxc5 bxc5 16. h3 Bxf3 17. Qxf3 d4 18.
Rfd1 Rfd8 19. Qe2 Bd6 20. Nd3 Qe7 21. Re1 Re8 22. Bxc6 Rxc6 23. Qf3 Qd7 24. exd4 Rxe1+ 25. Rxe1 cxd4 26. Bxd4 Bxg3 27. Bxf6 Rxf6 28. Qa8+ Kh7 29. Qe4+ Rg6 30. fxg3 Qxh3 31. Re3 f5 32. Qf3 Qh4 33. Qxf5 Qd4 34. Kf2 Qb6 35. Nf4 1-0

[Event "*** SCC Grand Prix: Titled Tuesday Blitz"]
[Site "Chess.com"]
[Date "2020.08.25"]
[Round "10"]
[White "Moon_stone123"]
[Black "Shield12"]
[Result "0-1"]
[WhiteElo "2529"]
[BlackElo "2836"]
[TimeControl "180+1"]
[EndTime "11:58:07 PDT"]
[Termination "Shield12 won by checkmate"]

1. e4 c5 2. Nf3 Nc6 3. d4 cxd4 4. Nxd4 Nf6 5. Nc3 d6 6. Bg5 Bd7 7. Qd2 a6 8. O-O-O e6 9. f4 b5 10. Nxc6 Bxc6 11. e5 dxe5 12. Qxd8+ Rxd8 13. Rxd8+ Kxd8 14. fxe5 h6 15. Bh4 g5 16. Bg3 Nd7 17. h4 Bg7 18. Be2 Nxe5 19. Rd1+ Ke7 20. hxg5 hxg5 21. Re1 Nc4 22.
Bxc4 bxc4 23. Ne4 Bxe4 24. Rxe4 Rh1+ 25. Kd2 Rg1 26. Re2 Bxb2 27. Bf2 Ra1 28. Be3 f6 29. Bc5+ Kf7 30. Re4 c3+ 31. Kd3 Rxa2 32. Rc4 Ra1 33.
Bd4 Rd1+ 34. Ke2 Rd2+ 35. Ke3 Rxc2 36. g4 Rc1 37. Rc7+ Kg6 38. Rc6 e5 39. Bb6 Rg1 40. Rc4 Rxg4 41. Rxg4 c2 42. Rc4 c1=Q+ 43. Rxc1 Bxc1+ 44. Kd3 g4 45. Kc4 g3 46. Kd5 Kf5 47. Kc6 Ke4 48.
Kb7 Be3 49. Bc7 g2 50. Kc8 g1=Q 51. Kb8 Qg7 52. Kb7 Kd5 53. Kb8 Kc6 54. Ka8 Qd7 55. Bb8 Qb7# 0-1

[Event "*** SCC Grand Prix: Titled Tuesday Blitz"]
[Site "Chess.com"]
[Date "2020.08.25"]
[Round "10"]
[White "Legendinunknown"]
[Black "Kavyev_Ruslan"]
[Result "1-0"]
[WhiteElo "2667"]
[BlackElo "2501"]
[TimeControl "180+1"]
[EndTime "11:58:08 PDT"]
[Termination "Legendinunknown won by resignation"]

1. d4 Nf6 2. c4 g6 3. Nc3 d5 4. cxd5 Nxd5 5. e4 Nxc3 6. bxc3 Bg7 7. Bc4 c5 8. Ne2 Nc6 9. Be3 O-O 10. h4 cxd4 11. cxd4 Na5 12. Bd3 Nc6 13. Bc4 Na5 14. Bd3 Nc6 15. Bc2 Nb4 16. Bb3 b5 17. h5 a5 18. a3 Nc6 19. hxg6 hxg6 20. f3 b4 21. Rc1 Bd7 22. Qd2 e6 23. Bh6 Bh8 24. Bxf8 Qxf8 25. d5 exd5 26. Bxd5 Rc8 27. Qg5 Ne5 28. Rxh8+ Kxh8 29. Qxe5+ Kg8 30. Rxc8 Qxc8 31. Qf6 Be6 32. Bxe6 fxe6 33.
Qxg6+ Kh8 34. Qh5+ Kg8 35. Qxa5 1-0

[Event "*** SCC Grand Prix: Titled Tuesday Blitz"]
[Site "Chess.com"]
[Date "2020.08.25"]
[Round "10"]
[White "MarceloPlaya"]
[Black "AndreyNeves"]
[Result "1-0"]
[WhiteElo "2355"]
[BlackElo "2199"]
[TimeControl "180+1"]
[EndTime "11:58:08 PDT"]
[Termination "MarceloPlaya won by resignation"]

1. e4 c5 2. Nf3 Nc6 3. d4 cxd4 4. Nxd4 Nf6 5. Nc3 d6 6. Bg5 e6 7. Qd2 a6 8. O-O-O Bd7 9. f3 b5 10. h4 Qc7 11. g4 b4 12. Nce2 a5 13. Kb1 Be7 14.
Be3 Ne5 15. Ng3 Nc4 16. Bxc4 Qxc4 17. g5 Ng8 18. h5 a4 19. f4 d5 20. exd5 exd5 21.
Ndf5 Be6 22. Nxg7+ Kd7 23. Nxe6 Kxe6 24. f5+ Kd7 25.
Qxd5+ Qxd5 26. Rxd5+ Kc6 27. Rhd1 f6 28. g6 hxg6 29.
fxg6 Nh6 30. Bxh6 Rxh6 31. Nf5 Rxh5 32. Nxe7+ 1-0

[Event "*** SCC Grand Prix: Titled Tuesday Blitz"]
[Site "Chess.com"]
[Date "2020.08.25"]
[Round "10"]
[White "Larina_Marija"]
[Black "WiktoriaPOL"]
[Result "0-1"]
[WhiteElo "2071"]
[BlackElo "1929"]
[TimeControl "180+1"]
[EndTime "11:58:08 PDT"]
[Termination "WiktoriaPOL won by checkmate"]

1. e4 c5 2. Nc3 a6 3. g3 g6 4. Bg2 Bg7 5. Nge2 e6 6. d4 Ne7 7. dxc5 Qc7 8. Be3 Nbc6 9. Qd2 O-O 10. Bf4 e5 11. Bh6 Na5 12. Bxg7 Kxg7 13. b4 Nc4 14. Qd3 Nb2 15. Qf3 b6 16. cxb6 Qxb6 17. a3 Bb7 18. O-O f5 19. Qe3 Qxe3 20. fxe3 Nc4 21.
exf5 Bxg2 22. Kxg2 Nxe3+ 23. Kg1 Nxf1 24. Rxf1 Rxf5 25.
Rd1 d5 26. Nxd5 Rd8 27. c4 Nxd5 28. cxd5 e4 29. Nf4 Kf6 30. Kf2 g5 31. Ke3 gxf4+ 32. gxf4 Rfxd5 33. Rc1 Rd3+ 34. Ke2 Rxa3 35. Rc6+ Kf5 36.
Rc5+ Kxf4 37. Rc7 Ra2+ 38. Ke1 Ke3 39. Rc3+ Rd3 40. Rxd3+ exd3 41. h4 Ra1# 0-1

[Event "*** SCC Grand Prix: Titled Tuesday Blitz"]
[Site "Chess.com"]
[Date "2020.08.25"]
[Round "10"]
[White "giantslayer83"]
[Black "Lion-Al-Messi"]
[Result "1-0"]
[WhiteElo "2711"]
[BlackElo "2571"]
[TimeControl "180+1"]
[EndTime "11:58:12 PDT"]
[Termination "giantslayer83 won by resignation"]

1. c4 b6 2. Nc3 Bb7 3. e4 e5 4. Nf3 Nc6 5. g3 Bc5 6. Bg2 Nf6 7.
O-O O-O 8. Nxe5 Nxe5 9. d4 Nxc4 10.
dxc5 bxc5 11. Qb3 Nb6 12. a4 c4 13. Qc2 a5 14. Be3 d6 15. Rfd1 Qe7 16. e5 Qxe5 17.
Bxb7 Ng4 18. Bxb6 Rab8 19. Bd4 Qh5 20. Bg2 Qxh2+ 21. Kf1 c5 22. Be3 Nxe3+ 23. fxe3 Qxg3 24. e4 f5 25. exf5 Qf4+ 26. Qf2 Rxf5 27. Qxf4 Rxf4+ 28.
Kg1 Rxb2 29. Ra2 Rb3 30. Ne4 Rd3 31. Rad2 Ra3 32. Rxd6 Rxa4 33. Ng5 g6 34. Rd8+ Rf8 35. Bd5+ Kg7 36. Ne6+ 1-0

[Event "*** SCC Grand Prix: Titled Tuesday Blitz"]
[Site "Chess.com"]
[Date "2020.08.25"]
[Round "10"]
[White "ZenBull"]
[Black "kasparicy"]
[Result "1-0"]
[WhiteElo "2177"]
[BlackElo "2319"]
[TimeControl "180+1"]
[EndTime "11:58:14 PDT"]
[Termination "ZenBull won by resignation"]

1. Nf3 Nf6 2. c4 g6 3. Nc3 d5 4. Qa4+ Nc6 5. cxd5 Nxd5 6. Ne5 Nb6 7. Qb5 Bg7 8. Nxc6 bxc6 9. Qxc6+ Bd7 10. Qf3 O-O 11. e3 c5 12. Be2 Rc8 13. O-O Bc6 14. Qg3 Nd5 15. Nxd5 Bxd5 16. d3 Qb6 17. Bf3 Rfd8 18. Rd1 Bxa2 19. Rxa2 Qb3 20. Ra3 Qc2 21. Rxa7 c4 22.
d4 e5 23. Rf1 e4 24. Bg4 f5 25. Bxf5 1-0

[Event "*** SCC Grand Prix: Titled Tuesday Blitz"]
[Site "Chess.com"]
[Date "2020.08.25"]
[Round "10"]
[White "j2806"]
[Black "anskam"]
[Result "1-0"]
[WhiteElo "2031"]
[BlackElo "1635"]
[TimeControl "180+1"]
[EndTime "11:58:14 PDT"]
[Termination "j2806 won by checkmate"]

1. e4 e5 2. Nf3 Nc6 3. Bb5 a6 4. Ba4 Nf6 5. d3 b5 6. Bb3 Be7 7. O-O O-O 8. c3 d6 9. h3 Na5 10. Bc2 c5 11. Re1 h6 12. d4 cxd4 13. cxd4 exd4 14.
Nxd4 Nc4 15. Nc3 Bd7 16. b3 Ne5 17. Nf5 Bxf5 18. exf5 Rc8 19. Bb2 Rc5 20. Ne4 Nxe4 21.
Bxe4 Qc7 22. f4 Nd7 23. Bd4 Nf6 24. Bxc5 Qxc5+ 25. Kh1 Rc8 26. Bf3 Qxf5 27. Rxe7 Qxf4 28. Qe2 d5 29. Rd1 Ne4 30. Bxe4 dxe4 31. Rxe4 Qg3 32.
Re8+ Rxe8 33. Qxe8+ Kh7 34. Qe4+ g6 35. Rf1 f5 36.
Qe7+ Kg8 37. Rd1 Qb8 38. Rd8+ Qxd8 39. Qxd8+ Kf7 40. Qb6 h5 41. Qxa6 g5 42. Qxb5 Kf6 43. a4 g4 44. a5 Kg5 45. a6 Kf4 46. a7 h4 47. a8=Q gxh3 48. Qf3+ Kg5 49. Qbxf5+ Kh6 50. Q3h5+ Kg7 51. Qff7# 1-0

[Event "*** SCC Grand Prix: Titled Tuesday Blitz"]
[Site "Chess.com"]
[Date "2020.08.25"]
[Round "10"]
[White "Fighter008"]
[Black "Natalya_Buksa"]
[Result "1-0"]
[WhiteElo "2695"]
[BlackElo "2525"]
[TimeControl "180+1"]
[EndTime "11:58:15 PDT"]
[Termination "Fighter008 won by resignation"]

1. e4 c5 2. Nf3 Nc6 3. Bb5 g6 4.
O-O Bg7 5. c3 e5 6. d3 Nge7 7. Be3 Qb6 8. Na3 a6 9. Nc4 Qc7 10.
Bxc6 dxc6 11. Bxc5 O-O 12. Bd6 Qd8 13. Bxe5 b5 14.
Bxg7 Kxg7 15. Ne3 c5 16. d4 Nc6 17. d5 Na5 18. b4 cxb4 19. cxb4 Nb7 20. Nd4 Re8 21.
e5 Bd7 22. f4 f5 23. Nc6 Qb6 24. Qd4 Qxd4 25. Nxd4 Rac8 26. Rac1 a5 27. e6 Rxc1 28. Rxc1 Bc8 29. bxa5 Nxa5 30. Rc7+ Kh6 31. Nxb5 Bxe6 32. Nd6 Rd8 33. dxe6 Rxd6 34. e7 Re6 35. Rc5 Nc6 36. Rxc6 Rxe3 37. Rc7 Re4 38. a4 Kh5 39. a5 Kg4 40. a6 Kxf4 41. a7 Ra4 42. e8=Q Ra1+ 43. Kf2 Ra2+ 44. Qe2 Rxe2+ 1-0

[Event "*** SCC Grand Prix: Titled Tuesday Blitz"]
[Site "Chess.com"]
[Date "2020.08.25"]
[Round "10"]
[White "Dannyyi"]
[Black "Angel_Hranitel_37"]
[Result "1-0"]
[WhiteElo "2385"]
[BlackElo "2433"]
[TimeControl "180+1"]
[EndTime "11:58:15 PDT"]
[Termination "Dannyyi won by checkmate"]

1. e4 c5 2. Nf3 e6 3. d4 cxd4 4. Nxd4 Nf6 5. Bd3 Nc6 6. Nxc6 bxc6 7. O-O e5 8. f4 Bd6 9. Bc4 Bc7 10. Nc3 O-O 11.
fxe5 Bxe5 12. Bf4 Qb6+ 13. Kh1 Bxf4 14. Rxf4 Qxb2 15. e5 Nh5 16. Rxf7 Rxf7 17. Bxf7+ Kxf7 18. Qxh5+ Ke7 19. Qg5+ Ke8 20. Rf1 Ba6 21. Ne4 Bxf1 22. Nd6+ Kf8 23. Qf5+ Kg8 24. Qf7+ Kh8 25. Ne8 Bc4 26.
Qf8+ Bg8 27. Qxg7# 1-0

[Event "*** SCC Grand Prix: Titled Tuesday Blitz"]
[Site "Chess.com"]
[Date "2020.08.25"]
[Round "10"]
[White "MoreChessJulia"]
[Black "Sesleria"]
[Result "0-1"]
[WhiteElo "1897"]
[BlackElo "2077"]
[TimeControl "180+1"]
[EndTime "11:58:21 PDT"]
[Termination "Sesleria won by resignation"]

1. d4 d5 2. c4 c6 3. Nf3 Nf6 4.
Nc3 e6 5. e3 Nbd7 6. Bd3 dxc4 7. Bxc4 b5 8. Bd3 Bb7 9. e4 b4 10.
e5 Nd5 11. Ne4 c5 12. Nxc5 Nxc5 13. dxc5 Bxc5 14. O-O O-O 15. Bxh7+ Kxh7 16. Ng5+ Kg6 17. Qg4 f5 18. exf6 Nxf6 19. Qc4 Qd5 20. Qxd5 Bxd5 21. h4 Ng4 22. Nh3 e5 23. g3 Bf3 24. Ng5 Be2 25. Re1 Bxf2+ 26. Kh1 Bf3+ 27. Nxf3 Rxf3 28. Re4 Rxg3 29.
Bg5 Rf8 30. Rxb4 Rh3+ 31. Kg2 Rh2+ 32. Kf1 Bc5+ 0-1

[Event "*** SCC Grand Prix: Titled Tuesday Blitz"]
[Site "Chess.com"]
[Date "2020.08.25"]
[Round "10"]
[White "freshfoodcompany"]
[Black "Efremov_Vlad"]
[Result "1-0"]
[WhiteElo "2363"]
[BlackElo "2208"]
[TimeControl "180+1"]
[EndTime "11:58:22 PDT"]
[Termination "freshfoodcompany won by resignation"]

1. d4 d5 2. c4 e6 3. Nc3 Bb4 4. cxd5 exd5 5. Bf4 c5 6. e3 Nf6 7. Bd3 c4 8. Bc2 Bxc3+ 9. bxc3 Nc6 10. Ne2 b5 11. O-O O-O 12. Rb1 a6 13. a4 Qa5 14.
axb5 axb5 15. Ra1 Qxa1 16. Qxa1 Rxa1 17. Rxa1 Rd8 18. Rb1 Ba6 19. f3 h6 20. e4 g5 21. Be3 Rb8 22. Bd2 Re8 23. Ng3 b4 24. Ba4 Rc8 25. Bxc6 Rxc6 26. Rxb4 dxe4 27. fxe4 Re6 28.
d5 Re8 29. Rb6 Bc8 30. Rxf6 1-0

[Event "*** SCC Grand Prix: Titled Tuesday Blitz"]
[Site "Chess.com"]
[Date "2020.08.25"]
[Round "10"]
[White "IngOscarArdila"]
[Black "AntonovaNadezhda"]
[Result "1-0"]
[WhiteElo "2190"]
[BlackElo "2045"]
[TimeControl "180+1"]
[EndTime "11:58:31 PDT"]
[Termination "IngOscarArdila won by checkmate"]

1. d4 Nf6 2. c4 g6 3. Nc3 Bg7 4. e4 d6 5. Nf3 O-O 6. Be2 e5 7.
O-O Nc6 8. d5 Ne7 9. Bg5 h6 10.
Bh4 g5 11. Bg3 Nh5 12. Re1 Nf4 13. Bf1 f5 14. exf5 Nxf5 15. Ne4 Nd4 16. Nxd4 exd4 17. Bxf4 Rxf4 18. Bd3 Be5 19. g3 Rf7 20. Qh5 Bg7 21.
Qg6 Bf5 22. Qh5 Qf8 23. Re2 Re8 24. Rae1 Ree7 25. b4 Qe8 26. h4 gxh4 27. Qxh4 Bxe4 28. Rxe4 Rxe4 29. Rxe4 Qf8 30. f4 Rf6 31. Qg4 b6 32.
Re6 Rxe6 33. dxe6 Qe7 34. f5 Kf8 35. Qg6 Qf6 36. Qh5 Ke7 37. Kg2 Qe5 38. Qf7+ Kd8 39. Qd7# 1-0

[Event "*** SCC Grand Prix: Titled Tuesday Blitz"]
[Site "Chess.com"]
[Date "2020.08.25"]
[Round "10"]
[White "Brave_spirit12"]
[Black "TomasKapitanchuk"]
[Result "0-1"]
[WhiteElo "2519"]
[BlackElo "2410"]
[TimeControl "180+1"]
[EndTime "11:58:33 PDT"]
[Termination "TomasKapitanchuk won by resignation"]

1. e4 c5 2. c3 Nf6 3. e5 Nd5 4. d4 cxd4 5. cxd4 e6 6. Nf3 d6 7. Nc3 Nxc3 8. bxc3 Qc7 9. Bd2 Nd7 10. exd6 Bxd6 11. Bd3 O-O 12. O-O b6 13. Rc1 Bb7 14. h3 Nf6 15. c4 Rfd8 16. Bg5 Bf4 17. Bxf6 gxf6 18. Rc2 Rac8 19. g3 Bh6 20. d5 Qd6 21. Be4 f5 22. Bd3 exd5 23. Bxf5 Rxc4 24. Nd4 Qe5 25. Qg4+ Bg7 26. Qh4 Re8 27. Bxh7+ Kf8 28. Nf5 Rxh4 29. Nxh4 d4 30. Kh2 Bf6 31. f4 Qe2+ 32.
Rxe2 Rxe2+ 33. Kg1 d3 34. Bxd3 Bd4+ 0-1

[Event "*** SCC Grand Prix: Titled Tuesday Blitz"]
[Site "Chess.com"]
[Date "2020.08.25"]
[Round "10"]
[White "KatarinaOstojic"]
[Black "FMJoseHerrera"]
[Result "1/2-1/2"]
[WhiteElo "2325"]
[BlackElo "2501"]
[TimeControl "180+1"]
[EndTime "11:58:34 PDT"]
[Termination "Game drawn by repetition"]

1. d4 Nf6 2. Nf3 g6 3. e3 Bg7 4. Be2 d6 5. O-O O-O 6. b3 c6 7.
Bb2 a5 8. Nbd2 Na6 9. a3 Nc7 10. c4 Be6 11. e4 d5 12. Qc2 a4 13. b4 dxe4 14. Nxe4 Nxe4 15. Qxe4 Bf5 16. Qe3 b5 17. Ne5 Qd6 18. Bf3 bxc4 19. Nxc6 Rfe8 20. Ne5 Nd5 21.
Nxc4 Nxe3 22. Nxd6 Nxf1 23. Nxe8 Rxe8 24. Rxf1 Rc8 25. Rc1 Rxc1+ 26. Bxc1 Bxd4 27. Bc6 Bc2 28. b5 Bc5 29. Kf1 Kf8 30. Bh6+ Kg8 31. Bc1 Kf8 32.
Bh6+ Kg8 33. Bc1 1/2-1/2

[Event "*** SCC Grand Prix: Titled Tuesday Blitz"]
[Site "Chess.com"]
[Date "2020.08.25"]
[Round "10"]
[White "Nemsko"]
[Black "jacky72"]
[Result "0-1"]
[WhiteElo "2354"]
[BlackElo "2526"]
[TimeControl "180+1"]
[EndTime "11:58:36 PDT"]
[Termination "jacky72 won on time"]

1. e4 a6 2. d4 e6 3. Nc3 d5 4. e5 c5 5. Be3 Nc6 6. Nf3 b5 7. a3 Qb6 8. Ne2 c4 9. c3 a5 10. g4 Bb7 11. Bg2 b4 12. axb4 axb4 13. O-O b3 14. Nd2 h5 15. g5 g6 16. f4 Nge7 17. h4 Nf5 18. Bf2 Be7 19. Nf3 O-O 20. Ng3 Nxg3 21. Bxg3 Rxa1 22. Qxa1 Ra8 23. Qb1 Ra2 24.
Bh3 Bc8 25. Ne1 Bd7 26. Bg2 Kf8 27. Bf3 Ke8 28. Rf2 Qa7 29. Qd1 Ra1 30. Qe2 Qa2 31. Kh2 Rb1 32. f5 Qa1 33. Rg2 Kd8 34. f6 Bf8 35. Bxh5 gxh5 36. Qxh5 Be8 37. Qh8 Ba3 38. g6 Kc7 39. Qxe8 fxg6 40. f7 Rxb2 41. Bf2 Rxf2 42. Rxf2 b2 43. Rxb2 Qxb2+ 44. Ng2 Qxc3 45. Qxe6 Qxd4 46.
Qxg6 Qxe5+ 47. Qg3 Qxg3+ 48. Kxg3 c3 49. Ne3 d4 50.
Nc2 Bd6+ 51. Kf3 d3 52. Ne3 c2 0-1

[Event "*** SCC Grand Prix: Titled Tuesday Blitz"]
[Site "Chess.com"]
[Date "2020.08.25"]
[Round "10"]
[White "eCztery"]
[Black "katchesskat"]
[Result "1-0"]
[WhiteElo "2411"]
[BlackElo "2270"]
[TimeControl "180+1"]
[EndTime "11:58:36 PDT"]
[Termination "eCztery won by checkmate"]

1. e4 c5 2. Nf3 e6 3. d4 cxd4 4. Nxd4 a6 5. Nc3 Qc7 6. g3 b5 7.
Bg2 Bb7 8. O-O h5 9. Qe2 h4 10. Be3 Nf6 11. Rad1 b4 12. Bf4 e5 13. Nd5 Qd6 14. Nf5 Qc5 15. Bxe5 d6 16. Bxf6 gxf6 17. Nxf6+ Kd8 18. Rd5 Bxd5 19. exd5 Qb5 20. Qe3 hxg3 21. hxg3 a5 22. Re1 Kc7 23. Ne8+ Kd7 24. Nexd6 Bxd6 25. Nxd6 Kxd6 26. Qe7# 1-0

[Event "*** SCC Grand Prix: Titled Tuesday Blitz"]
[Site "Chess.com"]
[Date "2020.08.25"]
[Round "10"]
[White "dpopadic"]
[Black "Sacbutt"]
[Result "0-1"]
[WhiteElo "2340"]
[BlackElo "2220"]
[TimeControl "180+1"]
[EndTime "11:58:37 PDT"]
[Termination "Sacbutt won by resignation"]

1. e4 c5 2. Nc3 Nc6 3. f4 g6 4. Nf3 Bg7 5. Bc4 e6 6. f5 Na5 7. Be2 d6 8. fxe6 Bxe6 9. Bb5+ Nc6 10. d3 Ne7 11. O-O O-O 12. Bxc6 Nxc6 13. Qe1 Nd4 14. Rf2 Nxf3+ 15. Rxf3 b5 16. Qg3 b4 17. Nd1 d5 18.
exd5 Bxd5 19. Rf1 Qb6 20. Be3 Rae8 21. Kh1 Qc6 22. a3 a6 23. axb4 cxb4 24. c3 bxc3 25.
Nxc3 Bxg2+ 26. Qxg2 Qxg2+ 27. Kxg2 Rxe3 28. Rxa6 Rxd3 29.
Rc6 Rd2+ 30. Rf2 Rxf2+ 31. Kxf2 Rb8 32. Nd5 Bxb2 33. Kf3 Kg7 34. h3 h5 35. Rc7 Rb3+ 36.
Kg2 h4 37. Ra7 Rg3+ 38. Kh2 Be5 39. Kh1 Rxh3+ 40. Kg2 Rh2+ 41. Kf1 Rd2 42. Ra5 h3 43.
Ne3 h2 0-1

[Event "*** SCC Grand Prix: Titled Tuesday Blitz"]
[Site "Chess.com"]
[Date "2020.08.25"]
[Round "10"]
[White "GAusal"]
[Black "GMJustin"]
[Result "1-0"]
[WhiteElo "2178"]
[BlackElo "2230"]
[TimeControl "180+1"]
[EndTime "11:58:37 PDT"]
[Termination "GAusal won by checkmate"]

1. d4 Nf6 2. Bf4 c5 3. e3 g6 4. Nf3 Bg7 5. h4 d6 6. dxc5 Qa5+ 7. Nbd2 Qxc5 8. Bd3 Nc6 9. Bg5 Nb4 10. Bxf6 Bxf6 11. Ne4 Nxd3+ 12. Qxd3 Qa5+ 13. c3 Bg7 14. h5 Bf5 15. h6 Be5 16. Nxe5 Qxe5 17. f3 d5 18. Qb5+ Bd7 19. Qxb7 Rb8 20. Qxa7 dxe4 21. f4 Qb5 22. b3 Bg4 23. Kf2 O-O 24. Kg3 Bf5 25. Qxe7 Qe2 26. Rae1 Qxa2 27. Qf6 Rbd8 28. Qg7# 1-0

[Event "*** SCC Grand Prix: Titled Tuesday Blitz"]
[Site "Chess.com"]
[Date "2020.08.25"]
[Round "10"]
[White "Xeniya2005"]
[Black "UCantHandleDenker"]
[Result "0-1"]
[WhiteElo "2386"]
[BlackElo "2586"]
[TimeControl "180+1"]
[EndTime "11:58:38 PDT"]
[Termination "UCantHandleDenker won by resignation"]

1. e4 c5 2. Be2 d6 3. f4 g6 4. Nf3 Bg7 5. O-O Nc6 6. c3 Nf6 7. d3 Rb8 8. Kh1 b5 9. a3 a5 10. Be3 O-O 11. Nbd2 b4 12. axb4 axb4 13. Qc2 bxc3 14.
bxc3 Bd7 15. Rfb1 Rxb1+ 16. Rxb1 Qa5 17. Nc4 Qa7 18. Qc1 Rb8 19. Ra1 Qb7 20. h3 Nh5 21.
Kh2 Qb3 22. Bd2 Be6 23. Na5 Nxa5 24. Rxa5 h6 25. g4 Nf6 26. Ra7 Rb7 27. Ra8+ Rb8 28.
Ra1 c4 29. f5 Bd7 30. Nd4 Qb2 31. Qxb2 Rxb2 32. Kg3 Rxd2 33. Ra8+ Kh7 34. fxg6+ fxg6 0-1

[Event "*** SCC Grand Prix: Titled Tuesday Blitz"]
[Site "Chess.com"]
[Date "2020.08.25"]
[Round "10"]
[White "Carnivoras"]
[Black "TigrVShlyape"]
[Result "0-1"]
[WhiteElo "2667"]
[BlackElo "2840"]
[TimeControl "180+1"]
[EndTime "11:58:40 PDT"]
[Termination "TigrVShlyape won by resignation"]

1. d4 Nf6 2. Nf3 g6 3. g3 Bg7 4. Bg2 O-O 5. O-O d5 6. b3 c6 7. Bb2 Bf5 8. c4 Ne4 9. Nc3 Nxc3 10. Bxc3 Be4 11. Nd2 Bxg2 12. Kxg2 e6 13. e4 c5 14.
exd5 exd5 15. Qf3 cxd4 16. Bb4 Re8 17. cxd5 Na6 18. a3 Nxb4 19. axb4 Re5 20. Rfe1 Rxd5 21. Nc4 b5 22. Na5 Qd7 23. Rac1 Rf8 24. Rc5 Rd6 25. Nc6 Bf6 26. Ra1 d3 27. Rxa7 Qe6 28. Na5 d2 29. Qd1 Qe1 0-1

[Event "*** SCC Grand Prix: Titled Tuesday Blitz"]
[Site "Chess.com"]
[Date "2020.08.25"]
[Round "10"]
[White "topotun"]
[Black "Izoria123"]
[Result "0-1"]
[WhiteElo "2729"]
[BlackElo "2857"]
[TimeControl "180+1"]
[EndTime "11:58:41 PDT"]
[Termination "Izoria123 won on time"]

1. e4 Nc6 2. Nf3 d6 3. d4 Nf6 4. Nc3 g6 5. Bb5 a6 6. Bxc6+ bxc6 7. h3 Bg7 8. O-O O-O 9. Re1 Nd7 10. Bg5 f6 11.
Be3 e5 12. Qe2 Nb6 13. Rad1 Rb8 14. b3 Qe8 15. Qd2 Be6 16. Bh6 Bxh6 17. Qxh6 a5 18.
Nh2 Qe7 19. f4 exd4 20. Rxd4 d5 21. f5 Bxf5 22. Qd2 dxe4 23. g4 c5 24. Rd5 Be6 25.
Rxe4 Nxd5 26. Nxd5 Qf7 27. Nf4 Rbe8 28. Qxa5 f5 0-1

[Event "*** SCC Grand Prix: Titled Tuesday Blitz"]
[Site "Chess.com"]
[Date "2020.08.25"]
[Round "10"]
[White "ljuks68"]
[Black "Savva09022009"]
[Result "1-0"]
[WhiteElo "2437"]
[BlackElo "2321"]
[TimeControl "180+1"]
[EndTime "11:58:42 PDT"]
[Termination "ljuks68 won by checkmate"]

1. e4 c5 2. Nf3 d6 3. d4 cxd4 4. Nxd4 Nf6 5. Nc3 a6 6. Bg5 Nbd7 7. f4 e6 8. Qf3 Be7 9. O-O-O O-O 10.
g4 Qc7 11. Bh4 b5 12. g5 Ne8 13. Bd3 Bb7 14. Rhg1 Nc5 15. f5 e5 16. Nde2 b4 17.
Nd5 Bxd5 18. exd5 f6 19. g6 h6 20. Kb1 a5 21. Be1 Qb7 22. Bd2 Nc7 23. Qh5 Nxd5 24. Bxh6 gxh6 25. Qxh6 Rf7 26. gxf7+ Kxf7 27. Bc4 Ke8 28.
Bxd5 Qb5 29. Rg8+ Kd7 30. Rxa8 Qxe2 31. Ra7+ Kc8 32. Rc1 Bd8 33. Ra8+ Kc7 34. Qg7+ Kb6 35. Rxd8 Kb5 36. Rb8+ Ka6 37. Qc7 Na4 38. Qb7# 1-0

[Event "*** SCC Grand Prix: Titled Tuesday Blitz"]
[Site "Chess.com"]
[Date "2020.08.25"]
[Round "10"]
[White "tan275"]
[Black "narutosmith"]
[Result "0-1"]
[WhiteElo "2196"]
[BlackElo "2279"]
[TimeControl "180+1"]
[EndTime "11:58:43 PDT"]
[Termination "narutosmith won by resignation"]

1. d4 Nf6 2. c4 e6 3. Nc3 Bb4 4. e3 O-O 5. Bd3 c5 6. Nf3 Bxc3+ 7. bxc3 Nc6 8. O-O d6 9. a4 e5 10.
e4 h6 11. a5 Re8 12. d5 Nxa5 13. Qa4 b6 14. h3 Bd7 15. Qa2 Nh5 16. Ne1 Nf4 17. Bxf4 exf4 18. Nf3 Qf6 19. Rad1 Qxc3 20. Rfe1 Re7 21. Re2 Rae8 22. Rc2 Qf6 23. Re1 g5 24. Nh2 h5 25. f3 Qd4+ 26. Kh1 Qxd3 27. Qb2 Qd4 28. Qb3 Nxb3 0-1